 Dungeon Crawl Stone Soup version 0.23-a0-164-g7711e57 (webtiles) character file.

43 Amnesiac the Chiller (level 3, -6/26 HPs)
             Began as a Mummy Ice Elementalist on Sept 9, 2018.
             Mangled by an ogre
             ... wielding a +0 giant club
              (12 damage)
             ... on level 5 of the Dungeon.
             The game lasted 00:02:28 (1086 turns).

Amnesiac the Chiller (Mummy Ice Elementalist)       Turns: 1086, Time: 00:02:29

Health: -6/26      AC: 12    Str: 11    XL:     3   Next: 37%
Magic:  0/7        EV: 12    Int: 15    God:
Gold:   93         SH:  0    Dex: 12    Spells: 2/8 levels left

rFire    x . .     SeeInvis .   f - +4 dagger
rCold    + . .     Gourm    .   (no shield)
rNeg     + + +     Faith    .   a - +0 robe
rPois    ∞         Spirit   .   (no helmet)
rElec    .         Reflect  .   (no cloak)
rCorr    .         Harm     .   (no gloves)
MR       .....                  g - +0 pair of boots
Stlth    ++........             (no amulet)
HPRegen  0.08/turn              d - +4 ring of protection
MPRegen  0.10/turn              (no ring)

@: icy armour
A: no food or potions, fire vulnerability, cold resistance 1, negative energy
resistance 3, torment resistance, unbreathing
a: no special abilities


You were on level 5 of the Dungeon.
You were not hungry.

You visited 1 branch of the dungeon, and saw 6 of its levels.

You collected 93 gold pieces.

Inventory:

Hand Weapons
 b - a +0 short sword
 f - a +4 dagger (weapon)
Armour
 a - a +0 robe (worn)
 g - a +0 pair of boots (worn)
Jewellery
 d - a +4 ring of protection (left hand)
Wands
 h - a wand of clouds (2)
Scrolls
 c - 2 scrolls of identify {!r, unknown}
 e - a scroll of remove curse {!r, unknown}


   Skills:
 - Level 1.0 Fighting
 - Level 1.5 Dodging
 - Level 1.5 Stealth
 - Level 3.0 Spellcasting
 * Level 1.6 Conjurations
 - Level 3.0 Ice Magic


You had 2 spell levels left.
You knew the following spells:

 Your Spells              Type           Power        Failure   Level  Hunger
a - Freeze                Ice            ##..         6%          1    N/A
e - Throw Frost           Conj/Ice       #.....       12%         2    N/A
z - Ozocubu's Armour      Chrm/Ice       #.......     32%         3    N/A

Your spell library contained the following spells:

 Spells                   Type           Power        Failure   Level  Hunger
 Throw Icicle             Conj/Ice       #.......     61%         4    N/A
 Summon Ice Beast         Ice/Summ       #.......     71%         4    N/A

Dungeon Overview and Level Annotations

Branches:
Dungeon (6/15)
 Temple: D:4-7

Altars:


Innate Abilities, Weirdness & Mutations

You do not eat or drink.
Your flesh is vulnerable to fire.
You are immune to poison.
Your flesh is cold resistant. (rC+)
You are immune to negative energy. (rN+++)
You are immune to unholy pain and torment.
You can survive without breathing.


Message History

Aiming: Freeze (safe; 6% risk of failure)
Press: ? - help, Shift-Dir - straight line, f/p - giant cockroach
Aim: a giant cockroach (moderately wounded, clinging)
You freeze the giant cockroach.
The giant cockroach is heavily wounded.
The giant cockroach bites you.
The giant cockroach bites you but does no damage.
Casting: Freeze (safe; 6% risk of failure)
Confirm with . or Enter, or press ? or * to list all spells.
Aiming: Freeze (safe; 6% risk of failure)
Press: ? - help, Shift-Dir - straight line, f/p - giant cockroach
Aim: a giant cockroach (heavily wounded, clinging)
You freeze the giant cockroach.
You kill the giant cockroach!
Found 13 gold pieces.
An ogre comes into view. It is wielding a giant club.
The ogre hits you with a giant club.
Found a sapphire potion.
You see here a sapphire potion {!q}.
Found a ration.
You hear the slow rusting of a distant drain.
Casting: Freeze (safe; 6% risk of failure)
Confirm with . or Enter, or press ? or * to list all spells.
A film of ice covers your body! The ogre barely misses you.
Casting: Ozocubu's Armour (safe; 32% risk of failure)
Confirm with . or Enter, or press ? or * to list all spells.
Aiming: Freeze (safe; 6% risk of failure)
Press: ? - help, Shift-Dir - straight line, f - ogre
Aim: an ogre, wielding a giant club You freeze the ogre.
The ogre is lightly wounded.
Casting: Freeze (safe; 6% risk of failure)
Confirm with . or Enter, or press ? or * to list all spells.
Aiming: Freeze (safe; 6% risk of failure)
Press: ? - help, Shift-Dir - straight line, f/p - ogre
Aim: an ogre, wielding a giant club (lightly wounded)
You freeze the ogre.
The ogre is lightly wounded.
The ogre closely misses you.
Casting: Freeze (safe; 6% risk of failure)
Confirm with . or Enter, or press ? or * to list all spells.
Aiming: Freeze (safe; 6% risk of failure)
Press: ? - help, Shift-Dir - straight line, f/p - ogre
Aim: an ogre, wielding a giant club (lightly wounded)
You freeze the ogre.
The ogre is lightly wounded.
The ogre closely misses you.
Casting: Freeze (safe; 6% risk of failure)
Confirm with . or Enter, or press ? or * to list all spells.
You don't have enough magic to cast that spell.
You hit the ogre.
The ogre is moderately wounded.
The ogre hits you but does no damage.
You barely miss the ogre.
The ogre is moderately wounded.
You hit the ogre.
The ogre is heavily wounded.
The ogre hits you with a giant club!!
Ouch! That really hurt!
* * * LOW HITPOINT WARNING * * *
You hit the ogre.
The ogre is heavily wounded.
The ogre hits you with a giant club!
You die...

# #.......$..
#%###.##..# #.# #
#.........###.#.#
####..#...!....#.#
#.......#####....#
#.#####.# #..### #.#
#....# #O# #.##.# #.
#@# #.##.###....
#.......##†....... ..
..##.#####.######.
#.#####.#####.######.
#.# #.##...........
#.# #.##.##.#######
#.# #.##.##.# #.#
#.##>##.#
#.#####....##.#


You could see an ogre.

Vanquished Creatures
  3 adders
  3 giant cockroaches
  2 goblins (D:1)
  A hobgoblin (D:1)
  3 kobolds
  A bat (D:3)
  2 frilled lizards
  2 rats
17 creatures vanquished.

Notes
Turn   | Place    | Note
-------+----------+-------------------------------------------
     0 | D:1      | Amnesiac the Mummy Ice Elementalist began the quest for the
                  | Orb.
     0 | D:1      | Reached XP level 1. HP: 13/13 MP: 4/4
   627 | D:2      | Reached XP level 2. HP: 19/19 MP: 3/5
   651 | D:3      | Learned a level 2 spell: Throw Frost
   853 | D:3      | Reached skill level 1 in Fighting
   853 | D:3      | Reached skill level 1 in Conjurations
   853 | D:3      | Reached XP level 3. HP: 25/26 MP: 4/7
   858 | D:3      | Learned a level 3 spell: Ozocubu's Armour
   901 | D:3      | You fall through a shaft for 3 floors!
   923 | D:5      | Entered Level 5 of the Dungeon
  1067 | D:5      | Noticed an ogre
  1086 | D:5      | Mangled by an ogre

Vault maps used:
D:1:      erik_arrival_triangle_medium
D:4:      ebering_ghost_gozag, corexii_shack
D:5:      nicolae_tso_besieged_by_evil, kennysheep_mini_moat, first_ration,
          gup_sewer_entry_spiral, uniq_duvessa, uniq_pikel,
          uniq_crazy_yiuf_cottage
D:6:      grunt_temple_overflow_open

Skill      XL: |  1  2 |
---------------+-------+-----
Spellcasting   | 3 |  3.0
Ice Magic      | 3 |  3.0
Fighting       | 1 |  1.0
Conjurations   | 1 |  1.6
Dodging        | |  1.5
Stealth        | |  1.5

Action                   || total
-------------------------++-------
Melee: Short sword       ||     7
       Dagger            ||     9
 Cast: Freeze            ||    32
       Ozocubu's Armour  ||     1
 Stab: Sleeping          ||     3
Armor: Robe              ||    14
Dodge: Dodged            ||    21

Table legend:
 A = Non-vault XP
 B = Vault XP
 C = Vault XP percentage of total XP
 D = Non-vault monster count
 E = Vault monster count
 F = Vault count percentage of total count
                 A         B        C        D         E       F
            +---------+---------+-------+---------+---------+-------
      Total |      62 |       0 |   0.0 |      17 |       0 |   0.0
            +---------+---------+-------+---------+---------+-------
        D:1 |      11 |       0 |   0.0 |       6 |       0 |   0.0
        D:2 |       4 |       0 |   0.0 |       3 |       0 |   0.0
        D:3 |      31 |       0 |   0.0 |       5 |       0 |   0.0
        D:5 |      16 |       0 |   0.0 |       3 |       0 |   0.0
            +---------+---------+-------+---------+---------+-------
